 Dungeon Crawl Stone Soup version 0.21-a0-94-gdd6ab6a (webtiles) character file.

77 sagitran the Gusty (level 4, -3/24 HPs)
             Began as a Tengu Air Elementalist on July 3, 2017.
             Killed by nerve-wracking pain
             ... invoked by an orc priest
              (7 damage)
             ... on level 2 of the Dungeon.
             The game lasted 00:13:27 (2048 turns).

sagitran the Gusty (Tengu Air Elementalist)         Turns: 2048, Time: 00:13:28

Health: -3/24      AC:  3    Str:  9    XL:     4   Next: 34%
Magic:  2/8        EV: 13    Int: 16    God:
Gold:   109        SH:  0    Dex: 14    Spells: 7/8 levels left

rFire    . . .     SeeInvis .   j - -1 hand axe (curse)
rCold    . . .     Gourm    .   (no shield)
rNeg     . . .     Faith    .   a - +0 robe
rPois    .         Spirit   .   (helmet restricted)
rElec    .         Reflect  .   i - +0 cloak
rCorr    .         Harm     .   (no gloves)
MR       .....                  (boots unavailable)
Stlth    ++........             (no amulet)
HPRegen  0.08/turn              (no ring)
MPRegen  0.11/turn              (no ring)

@: no status effects
A: beak, talons 3
a: no special abilities


You were on level 2 of the Dungeon.
You were not hungry.

You visited 1 branch of the dungeon, and saw 3 of its levels.

You collected 109 gold pieces.

Inventory:

Hand Weapons
 f - a +0 club
 j - a cursed -1 hand axe (weapon)
Missiles
 e - 11 stones (quivered)
Armour
 a - a +0 robe (worn)
 i - a +0 cloak (worn)
Scrolls
 c - a scroll of noise {unknown}
 d - 3 scrolls of identify
 g - 2 scrolls of enchant weapon {unknown}
 h - a scroll of recharging {unknown}
 k - 2 scrolls of enchant armour {unknown}
 m - a scroll of fear {unknown}
Books
 b - a book of Air

   Spells                             Type                      Level
   a - Shock                          Conjuration/Air              1
   b - Swiftness                      Charms/Air                   2
   c - Static Discharge               Conjuration/Air              3
   d - Airstrike                      Air                          4
   e - Lightning Bolt                 Conjuration/Air              5
Comestibles
 l - a fruit


   Skills:
 + Level 0.2 Fighting
 + Level 1.3 Axes
 + Level 2.5 Dodging
 + Level 2.5 Stealth
 + Level 0.9 Unarmed Combat
 + Level 2.5 Spellcasting
 + Level 2.0 Conjurations
 + Level 4.7 Air Magic


You had 7 spell levels left.
You knew the following spells:

 Your Spells              Type           Power        Failure   Level  Hunger
a - Shock                 Conj/Air       ##..         4%          1    #......


Dungeon Overview and Level Annotations

Branches:
Dungeon (3/15)

Altars:


Innate Abilities, Weirdness & Mutations

You have a beak for a mouth.
You have claws for feet.


Message History

You see here an orc corpse.
The orc priest barely misses you.
You climb upwards.
There is a stone staircase leading down here.
You completely miss the orc priest.
You peck the orc priest, but do no damage.
The orc priest is lightly wounded.
The orc priest looks encouraged for a moment.
You hit the orc priest but do no damage.
You claw the orc priest, but do no damage.
The orc priest is lightly wounded.
The orc priest hits you with a short sword.
* * * LOW HITPOINT WARNING * * *
You aren't carrying any potions.
Okay, then.
You hit the orc priest but do no damage.
The orc priest is lightly wounded.
The orc priest calls down the wrath of Beogh upon you.
Pain shoots through your body!
You die...

##################
...............o@#
#####.##########.##########
# #.# ##.##.......# # #.#
#.......###.####### # #.#
#.......# #....#... # #.#
#.......# #..#.#.#. # #.#
#.......###..#...#. # #.#
####..........#####. #.#
#.........###.#####.


You could see an orc priest.

Vanquished Creatures
  2 adders (D:2)
  An ooze (D:2)
  2 dart slugs
  A leopard gecko (D:1)
  3 orcs (D:3)
  A ball python (D:2)
  10 bats
  3 goblins (D:1)
  8 hobgoblins
  3 frilled lizards
  4 kobolds
  9 rats
47 creatures vanquished.

Notes
Turn   | Place    | Note
-------+----------+-------------------------------------------
     0 | D:1      | sagitran the Tengu Air Elementalist began the quest for the Orb.
     0 | D:1      | Reached XP level 1. HP: 10/10 MP: 4/4
   348 | D:1      | Reached XP level 2. HP: 8/15 MP: 6/6
   809 | D:1      | Reached XP level 3. HP: 19/19 MP: 7/7
  1069 | D:2      | Found a faded altar of an unknown god.
  1643 | D:2      | Reached XP level 4. HP: 21/24 MP: 8/8
  1652 | D:2      | Reached skill level 1 in Axes
  2048 | D:2      | Killed from afar by an orc priest

Vault maps used:
D:1:      dpeg_arrival_short_road, minmay_pentomino_p2
D:2:      chequers_ecumenical_altar_simple
D:3:      first_bread, st_stairs_9, grunt_decor_mini_mirrors, uniq_ijyb

Skill      XL: |  1  2  3  4 |
---------------+-------------+-----
Conjurations   | 2 |  2.0
Axes           | 1 |  1.3
Fighting       | |  0.2
Dodging        | |  2.5
Stealth        | |  2.5
Unarmed Combat | |  0.9
Spellcasting   | |  2.5
Air Magic      | |  4.7

Action                   |  1- 3 |  4- 6 || total
-------------------------+-------+-------++-------
Melee: Unarmed           |    14 |       ||    14
       Club              |    23 |       ||    23
       Kick              |    12 |     7 ||    19
       Peck              |     3 |     6 ||     9
       Hand axe          |    24 |    31 ||    55
 Cast: Shock             |    33 |     9 ||    42
  Use: Scroll            |     1 |       ||     1
       Potion            |       |     1 ||     1
 Stab: Sleeping          |     4 |     1 ||     5
  Eat: Bread ration      |     1 |       ||     1
Armor: Robe              |    28 |    10 ||    38
Dodge: Dodged            |    67 |    30 ||    97
